 Dungeon Crawl Stone Soup version 0.31-a0-150-g89dc3ad700 (webtiles) character file.

Game seed: 12023831282519328425

177 qw the Shooter (level 5, -8/32 HPs)
             Began as a Gargoyle Hunter on June 8, 2023.
             Mangled by an ogre
             ... wielding a +0 giant club
              (11 damage)
             ... on level 4 of the Dungeon.
             The game lasted 00:00:29 (1039 turns).

qw the Shooter (Gargoyle Hunter)                    Turns: 1039, Time: 00:00:30

Health: -8/32      AC:  8    Str: 14    XL:     5   Next: 57%
Magic:  5/5        EV: 11    Int: 10    God:
Gold:   38         SH:  0    Dex: 15    Spells: 4/4 levels left

rFire   . . .        Y - +0 shortbow
rCold   . . .        (shield currently unavailable)
rNeg    + . .        c - +0 leather armour
rPois   inf          e - +0 helmet
rElec   +            (no cloak)
rCorr   .            (no gloves)
SInv    .            (no boots)
Will    .....        (no amulet)
Stlth   ++           (no ring)
HPRegen 0.25/turn    (no ring)
MPRegen 0.09/turn

%: no passive effects
@: no status effects
A: sickness immunity, AC +4, negative energy resistance 1, electricity
resistance, torment resistance 1, petrification resistance
a: no special abilities


You were on level 4 of the Dungeon.
You visited 1 branch of the dungeon, and saw 3 of its levels.

You collected 38 gold pieces.


Innate Abilities, Weirdness & Mutations

You are immune to sickness and miasma.
Your stone body is resilient. (AC +4)
You are immune to poison.
You resist negative energy. (rN+)
You are resistant to electric shocks. (rElec)
You are resistant to unholy torment.
You are immune to petrification.


   Skills:
 + Level 3.1 Fighting
 - Level 6.0 Ranged Weapons
 - Level 1.6 Armour
 - Level 1.5 Dodging
 - Level 1.1 Stealth


You had 4 spell levels left.
You didn't know any spells.
Your spell library was empty.

Inventory:

Hand Weapons
 Y - a +0 shortbow (weapon)
Armour
 a - the scarf of Grace {harm, rPois Slay+3}
   (You acquired it on level 1 of the Dungeon)

   Slay:      It affects your accuracy & damage with ranged weapons and melee
   (+3).
   rPois:     It protects you from poison.
 c - a +0 leather armour (worn)
 e - a +0 helmet (worn)
Potions
 b - a potion of curing {unknown}

Dungeon Overview and Level Annotations

Branches:
Dungeon (4/15)
 Temple: D:4-7

Altars:
Gozag


Message History

You shoot an arrow. The arrow barely misses the kobold.
The kobold hits you with a +0 club.
You shoot an arrow. The arrow barely misses the kobold.
The kobold hits you but does no damage.
You shoot an arrow. The arrow misses the kobold.
The kobold hits you but does no damage.
You shoot an arrow. The arrow hits the kobold.
You kill the kobold!
You start resting.
HP restored.
Things that are here:
a +0 club; 7 poisoned darts; a kobold corpse
Found a stone staircase leading down.
Found a stone staircase leading down.
An ogre comes into view. It is wielding a +0 giant club.
Found 11 gold pieces.
You shoot an arrow. The arrow hits the ogre.
The ogre is lightly wounded.
You shoot an arrow. The arrow hits the ogre.
The ogre is moderately wounded.
You shoot an arrow. The arrow hits the ogre.
The ogre is heavily wounded.
You shoot an arrow. The arrow hits the ogre.
The ogre is heavily wounded.
You shoot an arrow. The arrow barely misses the ogre.
You shoot an arrow. The arrow hits the ogre!
The ogre is severely wounded.
The ogre closely misses you.
You shoot an arrow. The arrow hits the ogre.
The ogre is severely wounded.
The ogre hits you with a +0 giant club!!
Ouch! That really hurt!
You shoot an arrow. The arrow hits the ogre.
The ogre is almost dead.
You shoot an arrow. The arrow barely misses the ogre.
The ogre hits you with a +0 giant club.
You shoot an arrow. The arrow hits the ogre.
The ogre is almost dead.
The ogre hits you with a +0 giant club!
You die...

########
#######......# ##
#.......####.# .#
#.####..####.#
.###.#........#.###
..)...<#........@.#
####.###...##.#>#O#
#.# #........#.# #
#.. .>.###.###.# #
......###.... .. #
......# #. . .. #
.......# #. ... #
...##### # ..$ #


You could see an ogre.

Vanquished Creatures
  A black bear (D:4)
  A hound (D:4)
  2 adders (D:2)
  A dart slug (D:1)
  4 endoplasms (D:1)
  2 giant cockroaches (D:1)
  5 hobgoblins
  A quokka (D:1)
  6 ball pythons (D:1)
  A bat (D:1)
  A frilled lizard (D:1)
  3 goblins (D:1)
  6 kobolds
  5 rats (D:1)
39 creatures vanquished.

Notes
Turn   | Place    | Note
-------+----------+-------------------------------------------
     0 | D:1      | qw the Gargoyle Hunter began the quest for the Orb.
     0 | D:1      | Reached XP level 1. HP: 12/12 MP: 1/1
     0 | D:1      | 0 ||| qw: Version: 0.2-a-119-g7aa9181
     0 | D:1      | 0 ||| qw: Game counter: 2804
     0 | D:1      | 0 ||| qw: Always use a shield: true
     0 | D:1      | 0 ||| qw: God list: Okawaru
     0 | D:1      | 0 ||| qw: Allow faded altars: false
     0 | D:1      | 0 ||| qw: Do Orc after D:15 true
     0 | D:1      | 0 ||| qw: Do second Lair branch before Depths: true
     0 | D:1      | 0 ||| qw: Lair rune preference: random
     0 | D:1      | 0 ||| qw: Plans: Normal
     0 | D:1      | 0 ||| PLANNING D:1-11
   193 | D:1      | Reached XP level 2. HP: 17/17 MP: 2/2
   344 | D:1      | Reached XP level 3. HP: 15/21 MP: 3/3
   403 | D:1      | Reached skill level 5 in Ranged Weapons
   743 | D:1      | 743 ||| UPGRADING to +0 helmet.
   748 | D:1      | 748 ||| READING scroll labelled ZIDIAS NOEZESS.
   749 | D:1      | 749 ||| READING scroll labelled CURROR NENKU.
   749 | D:1      | Identified a scroll of acquirement
   749 | D:1      | 749 ||| ACQUIRING scarf of Grace {harm, rPois Slay+3}
   749 | D:1      | Acquired the scarf of Grace {harm, rPois Slay+3}
   751 | D:1      | 751 ||| READING scroll labelled NIFORO DOIDENG.
   752 | D:1      | 752 ||| DROPPING scroll of butterflies.
   810 | D:2      | Reached skill level 3 in Fighting
   823 | D:2      | You fall into a shaft and drop 2 floors!
   826 | D:4      | Noticed a black bear
   837 | D:4      | Killed a black bear
   838 | D:4      | Reached skill level 6 in Ranged Weapons
   838 | D:4      | Reached XP level 4. HP: 10/28 MP: 4/4
   838 | D:4      | Reached XP level 5. HP: 12/32 MP: 5/5
   926 | D:4      | Found an opulent altar of Gozag.
   988 | D:4      | Reached skill level 1 in Armour
  1029 | D:4      | Noticed an ogre
  1036 | D:4      | HP: 8/32 [ogre/+0 giant club (24)]
  1038 | D:4      | HP: 2/32 [ogre/+0 giant club (6)]
  1039 | D:4      | Mangled by an ogre

Levels and vault maps discovered:
D:1:      nagdon_arrival_double_spiral, layout_loops_ring
D:2:      layout_loops_ring, serial_shops, shop_statue,
          kennysheep_generic_room_16
D:4:      layout_loops_cross, grunt_gozag_statues,
          gammafunk_temple_overflow_wave, bloody_makhleb, kennysheep_nub,
          minmay_gold_behind_fungi

Skill      XL: |  1  2  3  4  5 |
---------------+----------------+-----
Ranged Weapons | 6 |  6.0
Fighting       | 3 |  3.1
Armour         | 1 |  1.6
Dodging        | |  1.5
Stealth        | |  1.1

Action                     |  1- 3 |  4- 6 || total
---------------------------+-------+-------++-------
   Fire: Shortbow          |   107 |    30 ||   137
    Use: Scroll            |     3 |       ||     3
 Armour: Leather armour    |    14 |     6 ||    20
  Dodge: Dodged            |    37 |     5 ||    42

Table legend:
 A = Non-vault XP
 B = Vault XP
 C = Vault XP percentage of total XP
 D = Non-vault monster count
 E = Vault monster count
 F = Vault count percentage of total count
                 A         B        C        D         E       F
            +---------+---------+-------+---------+---------+-------
      Total |     254 |       0 |   0.0 |      39 |       0 |   0.0
            +---------+---------+-------+---------+---------+-------
        D:1 |      52 |       0 |   0.0 |      32 |       0 |   0.0
        D:2 |      27 |       0 |   0.0 |       3 |       0 |   0.0
        D:4 |     175 |       0 |   0.0 |       4 |       0 |   0.0
            +---------+---------+-------+---------+---------+-------
